 Dungeon Crawl Stone Soup version 0.32-a0-702-gc29ba85809 (webtiles) character file.

Game seed: 11609305307883319375

45 IndexError the Ruffian (level 3, -2/35 HPs)
             Began as a Troll Gladiator on Mar 14, 2024.
             Slain by Grinder (5 damage)
             ... while paralysed by Grinder
             ... on level 3 of the Dungeon.
             The game lasted 00:02:51 (1941 turns).

IndexError the Ruffian (Troll Gladiator)            Turns: 1941, Time: 00:02:51

Health: -2/35      AC:  4    Str: 22    XL:     3   Next: 42%
Magic:  2/2        EV:  1    Int:  6    God:
Gold:   44         SH:  0    Dex: 11    Spells: 2/2 levels left

rFire   . .          .
                       - Unarmed
rCold   . . .        (no shield)
rNeg    . . .        a - +0 robe
rPois   .            b - +0 hat
rElec   .            (no cloak)
rCorr   .            (gloves unavailable)
SInv    .            (boots unavailable)
Will    .....        l - amulet of the acrobat
Stlth   +            (no ring)
HPRegen 1.05/turn    (no ring)
MPRegen 0.08/turn

%: acrobat
@: paralysed
A: large, unfitting armour, claws 3, regeneration 1, shaggy fur 1, tough skin 1
a: no special abilities


You were on level 3 of the Dungeon.
You visited 1 branch of the dungeon, and saw 3 of its levels.

You collected 44 gold pieces.

Inventory:

Missiles
 c - 3 throwing nets (quivered) {=f, !d}
 d - a large rock {!d}
 k - 6 stones
Armour
 a - a +0 robe (worn)
 b - a +0 hat (worn)
Jewellery
 l - an amulet of the acrobat (around neck)
   (You found it on level 2 of the Dungeon)
Scrolls
 e - a scroll of poison {unknown}
 f - a scroll of revelation {unknown}
 g - 2 scrolls of fog {unknown}
 i - a scroll of enchant armour {unknown}
 j - 3 scrolls of identify {unknown}
Potions
 h - a potion of curing {unknown}
 m - a potion of degeneration {unknown}


   Skills:
 + Level 2.0 Fighting
 + Level 2.2 Throwing
 + Level 2.7 Dodging
 * Level 3.6 Unarmed Combat


You had 2 spell levels left.
You didn't know any spells.
Your spell library contained the following spells:

 Spells                   Type           Power      Damage    Failure   Level
 Summon Small Mammal      Summ           0%         N/A       45%         1
 Call Canine Familiar     Summ           0%         N/A       83%         3
 Summon Blazeheart Golem  Fire/Summ      0%         N/A       99%         4


Dungeon Overview and Level Annotations

Branches:
Dungeon (3/15)

Altars:

Annotations:
D:3 Grinder


Innate Abilities, Weirdness & Mutations

You are too large for most types of armour.
You have claws for hands.
Your natural rate of healing is unusually fast.
You are covered in fur. (AC +1)
You have tough skin. (AC +1)


Message History

There is an open door here.
j - 3 scrolls labelled EXTEPRE TERIELU A goblin comes into view.
It is wielding a +0 dagger.
A goblin is nearby!
Throw: 3 throwing nets {=f, !d}
Press: ? - help, Q - select action, (/) - cycle Shift-Dir - straight line, f - you
Okay, then.
Search for what [? for help]? throw A goblin is nearby!
There are no items here.
A goblin is nearby!
The goblin shouts!
You scratch the goblin. The goblin hits you but does no damage.
You miss the goblin. The goblin hits you but does no damage.
You claw the goblin!
No target in view!
No target in view!
Search for what [Enter for "throw", or ? for help]?
There is a stone staircase leading up here.
You see here a bat skeleton.
You see here 6 stones.
There is a stone staircase leading up here.
You open the door.
A ball python comes into view.
There is an open door here.
The ball python barely misses you.
You closely miss the ball python.
The ball python bites you but does no damage.
You barely miss the ball python.
The ball python bites you but does no damage.
You scratch the ball python.
No target in view!
Search for what [Enter for "throw", or ? for help]?
There is an open door here.
There is a stone staircase leading up here.
You see here 6 stones.
k - 6 stones
There is a stone staircase leading up here.
Found a stone staircase leading down.
l - an amulet of the acrobat You start putting on your amulet.
You continue putting on your amulet of the acrobat. x5
You finish putting on your amulet of the acrobat.
You feel ready to tumble and roll out of harm's way.
l - an amulet of the acrobat (around neck)
You open the door.
There is an open door here.
You see here a +0 chain mail.
You see here a +0 leather armour.
Done exploring.
Done exploring.
Done exploring.
Done exploring.
Done exploring.
There is a stone staircase leading down here.
You climb downwards.
There is a stone staircase leading up here.
You climb upwards.
There is a stone staircase leading down here.
There is a stone staircase leading down here.
You climb downwards.
There is a stone staircase leading up here.
m - a fizzy pink potion
There is a stone staircase leading up here.
You climb upwards.
There is a stone staircase leading down here.
Things that are here:
a +0 club; a goblin skeleton
There is a stone staircase leading down here.
You climb downwards.
There is a stone staircase leading up here.
Found a stone staircase leading down.
There is a stone staircase leading down here.
Grinder comes into view.
Grinder gestures at you. You resist with significant effort.
Grinder blinks!
You start waiting.
Grinder is nearby!
Grinder misses you.
You closely miss Grinder. Grinder hits you!
You writhe in agony.
You take 11 damage, and have 24/35 hp.
MASSIVE DAMAGE!!
You claw Grinder! Grinder hits you!
You writhe in agony.
You take 10 damage, and have 14/35 hp.
MASSIVE DAMAGE!!
You are too injured to fight recklessly!
You are too injured to fight recklessly!
You claw Grinder! x2
Grinder gestures at you.
You suddenly lose the ability to move!
Grinder hits you!
* * * LOW HITPOINT WARNING * * *
You writhe in agony.
* * * LOW HITPOINT WARNING * * *
Grinder gestures at you.
You shrug off the repeated paralysis!
Grinder hits you.
* * * LOW HITPOINT WARNING * * *
You writhe in agony.
You die...
Grinder says, "Hey, I wasn't done torturing you yet!"

#+# #.# #.####
#######>...######
#.5.......ยง......
#@#####.###....##.
#.# #... .#.##.
#.# #.### 5. #.
#.# #.# .... #.#
#.. .. #.########
. #.......<#
##########


You could see Grinder.

Vanquished Creatures
  A dart slug (D:1)
  10 bats
  2 endoplasms
  5 giant cockroaches
  5 goblins
  3 hobgoblins
  2 quokkas (D:1)
  4 ball pythons (D:2)
  3 frilled lizards (D:1)
  2 kobolds
  2 rats
39 creatures vanquished.

Notes
Turn   | Place    | Note
-------+----------+-------------------------------------------
     0 | D:1      | IndexError the Troll Gladiator began the quest for the Orb.
     0 | D:1      | Reached XP level 1. HP: 19/19 MP: 0/0
   227 | D:1      | Reached XP level 2. HP: 28/28 MP: 1/1
   277 | D:1      | Reached skill level 2 in Throwing
   569 | D:1      | Reached XP level 3. HP: 35/35 MP: 2/2
   913 | D:2      | Reached skill level 2 in Fighting
  1915 | D:3      | Noticed Grinder
  1938 | D:3      | Paralysed by Grinder for 4 turns
  1939 | D:3      | HP: 6/35 [Grinder (4)]
  1941 | D:3      | Slain by Grinder

Illustrated notes

Levels and vault maps discovered:
D:1:      tarquinn_simple_flora_water_f, layout_loops_ring,
          minmay_worlds_worst_comb
D:2:      layout_basic
D:3:      layout_basic, grunt_decor_one_mirror, uniq_grinder, uniq_jessica

Skill      XL: |  1  2  3 |
---------------+----------+-----
Throwing       | 2 |  2.2
Fighting       | 2 |  2.0
Dodging        | |  2.7
Unarmed Combat | |  3.6

Action                     || total
---------------------------++-------
  Melee: Unarmed           ||    91
         Punch             ||     2
   Stab: Sleeping          ||     4
 Armour: Robe              ||    65
  Dodge: Dodged            ||    40

Table legend: (Time is in decaauts)
 A = Elapsed time spent in this place.
 B = Non-inter-level travel time spent in this place.
 C = Inter-level travel time spent in this place.
 D = Time resting spent in this place.
 E = Time spent auto-exploring this place.
 F = Levels seen in this place.
 G = Mean time per level.
                   A        B        C        D        E       F      G
               +--------+--------+--------+--------+--------+-----+--------+
         Total |   1936 |   1603 |    333 |     10 |   1340 |   3 |  645.3 |
       Dungeon |   1936 |   1603 |    333 |     10 |   1340 |   3 |  645.3 |
               +--------+--------+--------+--------+--------+-----+--------+

Top non-repeatable levels by time:
     D:2: 1076 daAuts
     D:1: 805 daAuts
     D:3: 55 daAuts

Levels and vault maps discovered:
D:1:      tarquinn_simple_flora_water_f, layout_loops_ring,
          minmay_worlds_worst_comb
D:2:      layout_basic
D:3:      layout_basic, grunt_decor_one_mirror, uniq_grinder, uniq_jessica

Table legend: (Time is in decaauts)
 A = Elapsed time spent in this place.
 B = Non-inter-level travel time spent in this place.
 C = Inter-level travel time spent in this place.
 D = Time resting spent in this place.
 E = Time spent auto-exploring this place.
 F = Levels seen in this place.
 G = Mean time per level.
                   A        B        C        D        E       F      G
               +--------+--------+--------+--------+--------+-----+--------+
         Total |   1936 |   1603 |    333 |     10 |   1340 |   3 |  645.3 |
       Dungeon |   1936 |   1603 |    333 |     10 |   1340 |   3 |  645.3 |
               +--------+--------+--------+--------+--------+-----+--------+

Top non-repeatable levels by time:
     D:2: 1076 daAuts
     D:1: 805 daAuts
     D:3: 55 daAuts

Table legend:
 A = Kills in this place as a percentage of kills in the entire game.
 B = Kills by you in this place as a percentage of kills by you in the entire game.
 C = Kills by friends in this place as a percentage of kills by friends in the entire game.
 D = Other kills in this place as a percentage of other kills in the entire game.
 E = Experience gained in this place as a percentage of experience gained in the entire game.
 F = Experience gained in this place divided by the number of levels of this place that you have seen.
                   A       B       C       D       E      F
               +-------+-------+-------+-------+-------+----------------------
         Total | 100.0 | 100.0 |   N/A |   N/A | 100.0 |  21.7
       Dungeon | 100.0 | 100.0 |   N/A |   N/A | 100.0 |  21.7
               +-------+-------+-------+-------+-------+----------------------
